 Dungeon Crawl Stone Soup version 0.20.1-1-g8b1a95d (webtiles) character file.

96 Knicklaso the Ruffian (level 4, -5/38 HPs)
             Began as a Naga Transmuter on July 16, 2017.
             Was a Believer of Uskayaw.
             Killed from afar by an orc wizard (7 damage)
             ... with a magic dart
             ... on level 3 of the Dungeon.
             The game lasted 00:08:29 (2166 turns).

Knicklaso the Ruffian (Naga Transmuter)             Turns: 2166, Time: 00:08:32

Health: -5/38      AC:  2    Str: 13    XL:     4   Next: 67%
Magic:  4/7        EV: 10    Int: 19    God:    Uskayaw [**....]
Gold:   138        SH:  0    Dex: 11    Spells: 3/7 levels left

rFire    . . .     SeeInvis +     - Unarmed
rCold    . . .     Gourm    .   (no shield)
rNeg     . . .     Faith    .   b - +0 robe
rPois    +         Spirit   .   (no helmet)
rElec    .         Reflect  .   (no cloak)
rCorr    .         Harm     .   (no gloves)
MR       .....                  (no barding)
Stlth    +.........             (no amulet)
Regen    0.2/turn               (no ring)
MPRegen  0.1/turn               (no ring)

@: brilliant, appendage (expiring), very slow
A: horns 2, see invisible, deformed body, poison resistance, slowness 2, slow
metabolism 1, spit poison 1, AC +1
a: Spit Poison, End Transformation, Stomp, Line Pass, Renounce Religion


You were on level 3 of the Dungeon.
You worshipped Uskayaw.
Uskayaw was noncommittal.
You were hungry.
You had grown temporary horns.
You visited 1 branch of the dungeon, and saw 3 of its levels.

You collected 138 gold pieces.

Inventory:

Missiles
 a - 12 arrows
Armour
 b - a +0 robe (worn)
 j - a cursed +0 ring mail
 p - a +0 cloak
 r - a scarf of cloud immunity
Scrolls
 e - 4 scrolls of identify {unknown}
 g - 2 scrolls of remove curse {unknown}
 k - a scroll of teleportation {unknown}
 q - a scroll of enchant armour {unknown}
Potions
 h - a potion of brilliance
 i - a potion of degeneration {unknown}
 n - a potion of agility {unknown}
 o - a potion of haste {unknown}
Books
 c - a book of Changes

   Spells                             Type                      Level
   a - Beastly Appendage              Transmutation                1
   b - Sticks to Snakes               Transmutation                2
   c - Spider Form                    Transmutation/Poison         3
   d - Ice Form                       Ice/Transmutation            4
   e - Blade Hands                    Transmutation                5
Comestibles
 d - 2 bread rations
 f - 7 fruits
 m - 2 meat rations


   Skills:
 - Level 1.0 Fighting
 - Level 1.5 Dodging
 - Level 4.3 Unarmed Combat
 - Level 2.0 Spellcasting
 * Level 3.0 Transmutations
 - Level 2.0 Poison Magic


You had 3 spell levels left.
You knew the following spells:

 Your Spells              Type           Power        Failure   Level  Hunger
a - Beastly Appendage     Tmut           ###...       1%          1    #......
b - Spider Form           Tmut/Pois      ###.......   2%          3    ###....


Dungeon Overview and Level Annotations

Branches:
Dungeon (3/15)

Altars:
Uskayaw


Innate Abilities, Weirdness & Mutations

You cannot wear boots.
Your serpentine skin is tough. (AC +1)
You have supernaturally acute eyesight. (SInv)
Armour fits poorly on your strangely shaped body.
Your system is resistant to poisons. (rPois)
You cover ground very slowly.
You have a slow metabolism.
You can spit poison.
You have a pair of horns on your head.


Message History

Okay, then.
You closely miss the orc wizard.
The orc wizard is lightly wounded.
The bat hits you but does no damage.
You barely miss the orc wizard.
The orc wizard is lightly wounded.
The bat closely misses you. The bat hits you but does no damage.
The orc wizard barely misses you.
You barely miss the orc wizard. Your headbutt misses the orc wizard.
The orc wizard is lightly wounded.
The orc wizard hits you with a dagger.
* * * LOW HITPOINT WARNING * * *
The orc wizard gestures at you while chanting.
The magic dart hits you!
You die...

# ## . .. ###.#.
...#. ..b ...+
#o#########...###
#o@....#.........
######.#.........
#.#....(....
#.#.........
#.#.........
#...........
#######'########
................
#######.########


You could see 2 orc wizards and a bat.

Vanquished Creatures
  An orc wizard (D:3)
  An adder (D:2)
  2 oozes
  2 dart slugs (D:2)
  An orc (D:3)
  3 giant cockroaches (D:2)
  5 goblins
  10 hobgoblins
  A kobold (D:2)
  2 ball pythons
  6 bats
  3 frilled lizards (D:2)
  7 rats
44 creatures vanquished.

Notes
Turn   | Place    | Note
-------+----------+-------------------------------------------
     0 | D:1      | Knicklaso the Naga Transmuter began the quest for the Orb.
     0 | D:1      | Reached XP level 1. HP: 18/18 MP: 3/3
   253 | D:1      | Reached XP level 2. HP: 17/25 MP: 5/5
   847 | D:2      | Reached skill level 4 in Unarmed Combat
   855 | D:2      | Reached XP level 3. HP: 7/31 MP: 4/6
   862 | D:2      | HP: 1/31 [poisoned by an adder]
  1404 | D:2      | Learned a level 3 spell: Spider Form
  1441 | D:2      | Found a hide-covered altar of Uskayaw.
  1460 | D:2      | Became a worshipper of Uskayaw the Reveler
  1497 | D:2      | Reached skill level 1 in Poison Magic
  1526 | D:2      | Reached * piety under Uskayaw
  1531 | D:2      | Reached ** piety under Uskayaw
  1737 | D:2      | Reached XP level 4. HP: 27/38 MP: 5/7
  2166 | D:3      | Killed from afar by an orc wizard

Skill      XL: |  1  2  3  4 |
---------------+-------------+-----
Unarmed Combat | 4 |  4.3
Poison Magic   | 1 2 |  2.0
Transmutations | 3 |  3.0
Fighting       | |  1.0
Dodging        | |  1.5
Spellcasting   | |  2.0

Action                   |  1- 3 |  4- 6 || total
-------------------------+-------+-------++-------
Melee: Unarmed           |   127 |    26 ||   153
       Headbutt          |    11 |     3 ||    14
       Punch             |     2 |       ||     2
 Cast: Beastly Appendage |    21 |     5 ||    26
Invok: Stomp             |       |     1 ||     1
 Abil: Spit Poison       |     1 |       ||     1
  Use: Potion            |       |     1 ||     1
 Stab: Sleeping          |       |     1 ||     1
  Eat: Chunk             |     2 |     1 ||     3
Armor: Robe              |    25 |     5 ||    30
Dodge: Dodged            |    63 |     9 ||    72
